 Dungeon Crawl Stone Soup version 0.28-a0-528-g4b98be1b05 (webtiles) character file.

Game seed: 5054068547200986345

102 Mirvelgyr the Grave Robber (level 4, -1/34 HPs)
             Began as a Gnoll Wanderer on Sept 24, 2021.
             Slain by Crazy Yiuf (13 damage)
             ... on level 3 of the Dungeon.
             The game lasted 00:05:53 (2796 turns).

Mirvelgyr the Grave Robber (Gnoll Wanderer)         Turns: 2796, Time: 00:05:53

Health: -1/34      AC:  5    Str: 12    XL:     4   Next: 77%
Magic:  5/5        EV: 12    Int: 14    God:
Gold:   75         SH:  0    Dex:  9    Spells: 4/5 levels left

rFire   . . .      SeeInvis .   a - +2 falchion
rCold   . . .      Faith    .   (no shield)
rNeg    . . .      Spirit   .   c - +0 robe
rPois   .          Reflect  .   d - +2 helmet
rElec   .          Harm     .   (no cloak)
rCorr   .          Rampage  .   (no gloves)
Will    .....                   (no boots)
Stlth   ++........              (no amulet)
HPRegen 0.11/turn               (no ring)
MPRegen 0.09/turn               (no ring)

@: no status effects
A: fangs 1, strong nose, distributed training
a: no special abilities


You were on level 3 of the Dungeon.
You visited 1 branch of the dungeon, and saw 3 of its levels.

You collected 75 gold pieces.

Inventory:

Hand Weapons
 a - a +2 falchion (weapon)
 k - a +4 flail
 n - a +1 mace of holy wrath
Armour
 c - a +0 robe (worn)
 d - a +2 helmet (worn)
 l - a +0 chain mail
Scrolls
 b - a scroll of teleportation
 g - a scroll of vulnerability
 j - a scroll of amnesia
 m - a scroll of identify
Potions
 e - a potion of heal wounds {unknown}
 f - 2 potions of mutation {unknown}
 h - a potion of lignification {unknown}
 i - a potion of curing {unknown}


   Skills:
 + Level 2.8 Fighting
 + Level 1.2 Short Blades
 + Level 2.8 Long Blades
 + Level 1.2 Axes
 + Level 1.2 Maces & Flails
 + Level 1.2 Polearms
 + Level 1.2 Staves
 + Level 1.2 Slings
 + Level 1.2 Bows
 + Level 1.2 Crossbows
 + Level 1.2 Throwing
 + Level 1.2 Armour
 + Level 2.8 Dodging
 + Level 2.6 Stealth
 + Level 2.8 Shields
 + Level 1.2 Unarmed Combat
 + Level 1.2 Spellcasting
 + Level 1.0 Conjurations
 + Level 1.0 Hexes
 + Level 3.9 Summonings
 + Level 5.5 Necromancy
 + Level 1.0 Translocations
 + Level 1.0 Transmutations
 + Level 1.0 Fire Magic
 + Level 1.0 Ice Magic
 + Level 1.0 Air Magic
 + Level 1.0 Earth Magic
 + Level 1.0 Poison Magic
 + Level 1.3 Invocations
 + Level 1.2 Evocations


You had 4 spell levels left.
You knew the following spells:

 Your Spells              Type           Power      Damage    Failure   Level
a - Sting                 Tmut/Pois      12%        1d3       17%         1

Your spell library contained the following spells:

 Spells                   Type           Power      Damage    Failure   Level
 Apportation              Tloc           6%         N/A       17%         1
 Mephitic Cloud           Conj/Pois/Air  3%         N/A       45%         3


Dungeon Overview and Level Annotations

Branches:
Dungeon (3/15)

Altars:

Shops:
D:1 ?   D:3 =

Annotations:
D:3 Crazy Yiuf


Innate Abilities, Weirdness & Mutations

You have very sharp teeth.
Your uncanny sense of smell can sniff out nearby items.
Your experience applies equally to all skills.


Message History

You hit the frilled lizard.
You kill the frilled lizard!
No target in view!
You see here a +0 chain mail.
l - a +0 chain mail
m - a scroll of identify
Found a runed mace.
Found a runed mace and a mace.
You see here a +1 mace of holy wrath.
Found seven maces.
Found a runed translucent door.
You see here a +0 mace.
You see here a +1 mace of holy wrath.
You see here a +0 mace of protection.
You see here a +1 mace of holy wrath.
n - a +1 mace of holy wrath You see here a +0 mace.
Found a mace.
You see here a +0 mace.
You see here a +0 mace.
Found three maces.
Crazy Yiuf shouts!
You see here a +0 mace.
Okay, then.
You open the door.
Crazy Yiuf hits you with a +2 quarterstaff of chaos!
Crazy Yiuf burns you.
There is an open translucent door here.
You slash Crazy Yiuf!
Crazy Yiuf is heavily wounded.
Crazy Yiuf says, "Tonal pontify Orb Guardian!"
Crazy Yiuf hits you with a +2 quarterstaff of chaos.
Crazy Yiuf freezes you.
You hit Crazy Yiuf.
Crazy Yiuf is almost dead.
Crazy Yiuf hits you with a +2 quarterstaff of chaos!
You hit Crazy Yiuf.
Crazy Yiuf is almost dead.
Crazy Yiuf yells, "Snower!
Lay chair arga."
Crazy Yiuf hits you with a +2 quarterstaff of chaos!
You die...

#.#..........
#.##.###..###
#.......####
#...##### #.
##### #.....#
#. #).)#
#...#.#####.
#)))#
#........#..
#)g)#
#...>.......
#@#
#...........
♣♣)♣
#...........
♣)♣♣
##..........
♣♣)♣
#..........
♣)♣♣
#..........
♣♣.♣♣
#..........
♣)..♣♣
###.........
♣....♣
#........##.
##..##
#.##########


You could see Crazy Yiuf.

Vanquished Creatures
  Jessica (D:2)
  2 adders (D:2)
  A dart slug (D:2)
  3 orcs (D:3)
  3 ball pythons
  3 endoplasms
  4 giant cockroaches
  7 goblins
  2 hobgoblins
  3 jackals (D:1)
  3 quokkas
  3 bats
  5 frilled lizards
  3 kobolds
  7 rats
50 creatures vanquished.

Notes
Turn   | Place    | Note
-------+----------+-------------------------------------------
     0 | D:1      | Mirvelgyr the Gnoll Wanderer began the quest for the Orb.
     0 | D:1      | Mirvelgyr set off with the following items: a +2 falchion,
                  | a scroll of teleportation, a +0 robe; and the following
                  | spell memorised: Sting; and the following spells available
                  | to memorise: Mephitic Cloud
     0 | D:1      | Reached XP level 1. HP: 17/17 MP: 1/1
   373 | D:1      | Reached XP level 2. HP: 23/23 MP: 2/2
   740 | D:1      | Reached XP level 3. HP: 26/28 MP: 3/3
   798 | D:1      | Found Mimoptusm's Magic Scroll Emporium.
  1399 | D:2      | Noticed Jessica
  1406 | D:2      | Killed Jessica
  1407 | D:2      | Reached skill level 1 in Short Blades
  1407 | D:2      | Reached skill level 1 in Axes
  1407 | D:2      | Reached skill level 1 in Maces & Flails
  1407 | D:2      | Reached skill level 1 in Polearms
  1407 | D:2      | Reached skill level 1 in Staves
  1407 | D:2      | Reached skill level 1 in Slings
  1407 | D:2      | Reached skill level 1 in Bows
  1407 | D:2      | Reached skill level 1 in Crossbows
  1407 | D:2      | Reached skill level 1 in Throwing
  1407 | D:2      | Reached skill level 1 in Armour
  1407 | D:2      | Reached skill level 1 in Unarmed Combat
  1407 | D:2      | Reached skill level 1 in Spellcasting
  1407 | D:2      | Reached skill level 1 in Invocations
  1407 | D:2      | Reached skill level 1 in Evocations
  1678 | D:2      | Found a faded altar of an unknown god.
  1687 | D:2      | Got Plato's Disquisition on Dislocation
  1707 | D:2      | Reached XP level 4. HP: 30/34 MP: 5/5
  2120 | D:2      | Reached skill level 1 in Conjurations
  2120 | D:2      | Reached skill level 1 in Hexes
  2120 | D:2      | Reached skill level 1 in Translocations
  2120 | D:2      | Reached skill level 1 in Transmutations
  2120 | D:2      | Reached skill level 1 in Fire Magic
  2120 | D:2      | Reached skill level 1 in Ice Magic
  2120 | D:2      | Reached skill level 1 in Air Magic
  2120 | D:2      | Reached skill level 1 in Earth Magic
  2120 | D:2      | Reached skill level 1 in Poison Magic
  2397 | D:3      | Found Fegad's Jewellery Emporium.
  2783 | D:3      | Found a runed translucent door.
  2789 | D:3      | Noticed Crazy Yiuf
  2796 | D:3      | Slain by Crazy Yiuf

Illustrated notes

Levels and vault maps discovered:
D:1:      lordsloth_arrival_two_stooges, layout_basic, serial_shops,
          nicolae_shop_waterfront, minmay_tetromino_t2
D:2:      layout_basic, shapermc_ecumenical_altar_rom_forum, uniq_jessica
D:3:      layout_rooms, nicolae_yredelemnul_corpse_copse, serial_shops,
          nicolae_shop_statue_plus, uniq_natasha, uniq_crazy_yiuf_cottage

Skill      XL: |  1  2  3  4 |
---------------+-------------+-----
Short Blades   | 1 |  1.2
Axes           | 1 |  1.2
Maces & Flails | 1 |  1.2
Polearms       | 1 |  1.2
Staves         | 1 |  1.2
Slings         | 1 |  1.2
Bows           | 1 |  1.2
Crossbows      | 1 |  1.2
Throwing       | 1 |  1.2
Armour         | 1 |  1.2
Unarmed Combat | 1 |  1.2
Spellcasting   | 1 |  1.2
Invocations    | 1 |  1.3
Evocations     | 1 |  1.2
Conjurations   | 1 |  1.0
Hexes          | 1 |  1.0
Translocations | 1 |  1.0
Transmutations | 1 |  1.0
Fire Magic     | 1 |  1.0
Ice Magic      | 1 |  1.0
Air Magic      | 1 |  1.0
Earth Magic    | 1 |  1.0
Poison Magic   | 1 |  1.0
Fighting       | |  2.8
Long Blades    | |  2.8
Dodging        | |  2.8
Stealth        | |  2.6
Shields        | |  2.8
Summonings     | |  3.9
Necromancy     | |  5.5

Action                   |  1- 3 |  4- 6 || total
-------------------------+-------+-------++-------
Melee: Falchion          |    86 |    54 ||   140
       Bite              |     2 |     2 ||     4
  Use: Scroll            |       |     2 ||     2
 Stab: Sleeping          |     4 |     2 ||     6
Armor: Robe              |    30 |    15 ||    45
Dodge: Dodged            |    62 |    27 ||    89

Table legend: (Time is in decaauts)
 A = Elapsed time spent in this place.
 B = Non-inter-level travel time spent in this place.
 C = Inter-level travel time spent in this place.
 D = Time resting spent in this place.
 E = Time spent auto-exploring this place.
 F = Levels seen in this place.
 G = Mean time per level.
                   A        B        C        D        E       F      G
               +--------+--------+--------+--------+--------+-----+--------+
         Total |   2818 |   2778 |     40 |    740 |   1574 |   3 |  939.3 |
       Dungeon |   2818 |   2778 |     40 |    740 |   1574 |   3 |  939.3 |
               +--------+--------+--------+--------+--------+-----+--------+

Top non-repeatable levels by time:
     D:1: 1380 daAuts
     D:2: 1034 daAuts
     D:3: 404 daAuts
